 Dungeon Crawl Stone Soup version 0.22.0 (webtiles) character file.

213 Rrauwl the Chopper (level 5, -1/45 HPs)
             Began as a Minotaur Gladiator on Aug 11, 2018.
             Was a Believer of Elyvilon.
             Killed from afar by Natasha (9 damage)
             ... with a magic dart
             ... on level 4 of the Dungeon.
             The game lasted 00:08:59 (2895 turns).

Rrauwl the Chopper (Minotaur Gladiator)             Turns: 2895, Time: 00:08:59

Health: -1/45      AC:  6    Str: 18 (19) XL:     5   Next: 59%
Magic:  3/5        EV: 12    Int:  6      God:    Elyvilon [**....]
Gold:   192        SH:  0    Dex:  9 (11) Spells: 4/4 levels left

rFire    . . .     SeeInvis .   a - +1 war axe
rCold    . . .     Gourm    .   (no shield)
rNeg     . . .     Faith    .   b - +0 leather armour
rPois    .         Spirit   .   p - +1 hat
rElec    .         Reflect  .   (no cloak)
rCorr    .         Harm     .   (no gloves)
MR       .....                  r - +1 pair of boots
Stlth    +.........             (no amulet)
HPRegen  0.15/turn              (no ring)
MPRegen  0.09/turn              (no ring)

@: no status effects
A: retaliatory headbutt, horns 2
a: Lesser Healing, Heal Other, Divine Protection, Renounce Religion


You were on level 4 of the Dungeon.
You worshipped Elyvilon.
Elyvilon was pleased with you.
You were hungry.

You visited 1 branch of the dungeon, and saw 4 of its levels.

You collected 192 gold pieces.

Inventory:

Hand Weapons
 a - a +1 war axe (weapon)
 c - a +2 mace of venom
Missiles
 d - 2 throwing nets (quivered)
 l - 2 tomahawks
Armour
 b - a +0 leather armour (worn)
 p - a +1 hat (worn)
 r - a +1 pair of boots (worn)
Wands
 m - a wand of disintegration (12)
Scrolls
 h - 4 scrolls of remove curse
 i - 2 scrolls of enchant armour
 k - a scroll of identify
 n - a scroll of fear
 o - a scroll of magic mapping
Potions
 e - a potion of agility
 j - a potion of brilliance
 q - a potion of cancellation
Comestibles
 f - 8 rations
 g - a chunk of flesh


   Skills:
 - Level 3.0 Fighting
 + Level 5.1 Axes
 - Level 3.0 Throwing
 - Level 3.0 Armour
 - Level 3.2 Dodging
 + Level 2.3 Invocations


You had 4 spell levels left.
You didn't know any spells.
Your spell library was empty.

Dungeon Overview and Level Annotations

Branches:
Dungeon (4/15)
 Temple: D:4-7

Altars:
Elyvilon
Gozag
Okawaru

Annotations:
D:4 Natasha


Innate Abilities, Weirdness & Mutations

You reflexively headbutt those who attack you in melee.
You have a pair of horns on your head.


Message History

The shadow imp hits you but does no damage.
Natasha casts a spell at you. The magic dart hits you!
* * * LOW HITPOINT WARNING * * *
The jackal bites you but does no damage.
Unknown command.
You are healed.
You feel somewhat more hungry. The jackal misses you.
The shadow imp hits you but does no damage.
Natasha zaps a wand.
The puff of flame hits you!
* * * LOW HITPOINT WARNING * * *
Unknown command.
You slash Natasha!
Natasha is almost dead.
You hit the shadow imp. You hit the jackal but do no damage.
The jackal completely misses you. The shadow imp barely misses you.
You furiously retaliate!
You headbutt the shadow imp, but do no damage.
Natasha casts a spell at you. The magic dart hits you!
You die...

..... .......<.........
..... .................
..... ................
.....
..............#######<..
.............##.....##..
.............#.......#..
......5..........>......
......h@......⌠.....⌠...
......h......(..........
................⌠.⌠.....
......#.....###.....#...
...5.........###....#...
........$....# #....#...
.............###....#...
........................
....................


You could see Natasha, a crimson imp, a shadow imp and a jackal.

Vanquished Creatures
  An orc priest (D:3)
  Natasha (D:4)
  3 adders
  3 gnolls (D:3)
  2 worms (D:3)
  3 dart slugs
  3 leopard geckos
  10 orcs
  8 bats
  2 giant cockroaches
  10 goblins
  3 hobgoblins
  4 jackals
  A ball python (D:3)
  11 frilled lizards
  15 kobolds
  3 rats
83 creatures vanquished.

Notes
Turn   | Place    | Note
-------+----------+-------------------------------------------
     0 | D:1      | Rrauwl the Minotaur Gladiator began the quest for the Orb.
     0 | D:1      | Reached XP level 1. HP: 18/18 MP: 0/0
   114 | D:1      | Reached XP level 2. HP: 21/25 MP: 1/1
   147 | D:1      | Reached skill level 1 in Armour
   347 | D:1      | Reached skill level 4 in Axes
   495 | D:1      | Found a white marble altar of Elyvilon.
   506 | D:1      | Became a worshipper of Elyvilon the Healer
   697 | D:2      | Reached XP level 3. HP: 30/30 MP: 2/2
  1356 | D:2      | Reached skill level 1 in Invocations
  1393 | D:2      | Found an iron altar of Okawaru.
  1501 | D:2      | Reached XP level 4. HP: 38/38 MP: 3/3
  1549 | D:2      | Reached * piety under Elyvilon
  1828 | D:2      | Found an opulent altar of Gozag.
  2029 | D:3      | Reached XP level 5. HP: 33/45 MP: 3/5
  2799 | D:4      | Noticed Natasha
  2804 | D:4      | Killed Natasha
  2804 | D:4      | Reached skill level 5 in Axes
  2824 | D:4      | Reached ** piety under Elyvilon
  2881 | D:4      | Noticed Natasha
  2895 | D:4      | Killed from afar by Natasha

Skill      XL: |  1  2  3  4  5 |
---------------+----------------+-----
Armour         | 1 2 3 |  3.0
Axes           | 4 5 |  5.1
Fighting       | 3 |  3.0
Invocations    | 1 2 |  2.3
Throwing       | 3 |  3.0
Dodging        | |  3.2

Action                   |  1- 3 |  4- 6 || total
-------------------------+-------+-------++-------
Melee: War axe           |    93 |    68 ||   161
       Headbutt          |     9 |    16 ||    25
       Mace              |       |     7 ||     7
Throw: Throwing net      |       |     3 ||     3
Invok: Lesser Healing    |       |     2 ||     2
  Use: Potion            |     4 |     2 ||     6
       Scroll            |     4 |     4 ||     8
  Eat: Chunk             |     2 |     4 ||     6
Armor: Leather armour    |    27 |    23 ||    50
Dodge: Dodged            |    57 |    63 ||   120
